 Dungeon Crawl Stone Soup version 0.32-a0-779-g362cfcae2a (webtiles) character file.

Game seed: 17691259512305524758

3063 cforsyth the Arsonist (level 9, -9/79 HPs)
             Began as a Mountain Dwarf Cinder Acolyte on Mar 19, 2024.
             Was a High Priest of Ignis.
             Killed from afar by an electric eel (11 damage)
             ... with a bolt of electricity
             ... on level 7 of the Dungeon.
             The game lasted 00:09:40 (9262 turns).

cforsyth the Arsonist (MDCA)                        Turns: 9262, Time: 00:09:42

Health: -9/79      AC:  4    Str: 19    XL:     9   Next: 57%
Magic:  23/24      EV:  8    Int: 15    God:    Ignis [*****.]
Gold:   316        SH:  0    Dex:  5    Spells: 14/16 levels left

rFire   + . .        u - +1 war axe (elec)
rCold   . . .        (no shield)
rNeg    . . .        k - +0 scale mail
rPois   .            (no helmet)
rElec   .            (no cloak)
rCorr   .            (no gloves)
SInv    +            (no boots)
Will    .....        (no amulet) Stlth
                     M - ring of magical power
HPRegen 0.33/turn    v - ring of see invisible
MPRegen 0.19/turn

%: no passive effects
@: weak-willed
A: runic magic, artefact enchanting, deformed body, weak 1, noise suppression
a: Renounce Religion, Fiery Armour, Foxfire Swarm, Rising Flame


You were on level 7 of the Dungeon.
You worshipped Ignis.
Ignis was extremely pleased with you.
You visited 1 branch of the dungeon, and saw 7 of its levels.

You collected 400 gold pieces.
You spent 84 gold pieces at shops.


Innate Abilities, Weirdness & Mutations

Your spellcasting is much less encumbered by armour.
You can use scrolls of enchantment on lesser artefacts.
Armour fits poorly on your strangely shaped body.
You are weak. (Str -2)
You passively dampen the noise of your surroundings.


   Skills:
 + Level 7.4 Fighting
 + Level 8.1 Axes
 + Level 6.3 Armour
 + Level 3.2 Shields
 - Level 4.2 Spellcasting
 + Level 8.1 Fire Magic


You had 14 spell levels left.
You knew the following spells:

 Your Spells              Type           Power      Damage    Failure   Level
X - Scorch                Fire           54%        2d7       1%          2

Your spell library contained the following spells:

 Spells                   Type           Power      Damage    Failure   Level
 Dazzling Flash           Conj/Hex       6%         N/A       56%         3
 Mephitic Cloud           Conj/Alch/Air  3%         N/A       56%         3
 Stone Arrow              Conj/Erth      6%         3d7       56%         3
 Animate Armour           Summ/Erth      6%         N/A       92%         4
 Curse of Agony           Necr           3%         N/A       99%         5
 Silence                  Hex/Air        1%         N/A       99%         5
 Lehudib's Crystal Spear  Conj/Erth      1%         10d2      100%        8

Inventory:

Hand Weapons
 a - a -1 hand axe of flaming
 u - a +1 war axe of electrocution (weapon)
Armour
 h - a +0 kite shield
 k - a +0 scale mail (worn)
Jewellery
 v - a ring of see invisible (right hand)
 F - a ring of protection from fire
 M - a ring of magical power (left hand)
Wands
 w - a wand of roots (10)
 y - a wand of flame (27)
Scrolls
 c - 8 scrolls of identify {unknown}
 d - a scroll of poison {unknown}
 e - 2 scrolls of noise {unknown}
 f - a scroll of acquirement {unknown}
 i - a scroll of immolation
 j - 2 scrolls of revelation {unknown}
 o - 2 scrolls of brand weapon {unknown}
 p - a scroll of enchant armour {unknown}
 q - 2 scrolls of vulnerability
 r - 3 scrolls of teleportation {unknown}
 s - 2 scrolls of fog {unknown}
Potions
 l - a potion of curing {@q1}
 m - a potion of might
 x - a potion of attraction
 z - a potion of lignification

Dungeon Overview and Level Annotations

Branches:
Dungeon (7/15)             Temple (0/1) D:5

Altars:
Cheibriados
Elyvilon
Qazlal
Vehumet
Wu Jian

Shops:
D:3 !

Annotations:
D:3 2 runed translucent doors, mooti9's ghost, amateur MfGl

#≈≈...≈## . ...
#≈...~~# .# ....
#≈≈...S ..+
....#####...###...#
..................#
..........h.......#
............#######
............#
.......@....#
............#
............#
#...............#
#..........K....#
#...............#
#...............#
#...............#
#...............#


You could see a raiju (wandering, inner flame, weak-willed), a kobold brigand
(inner flame, weak-willed) and an electric eel (inner flame, weak-willed).


Message History

The raiju blinks!
The raiju is no longer more vulnerable to fire.
Unknown command.
A kobold brigand comes into view.
It is wielding a +0 dagger and quivering poisoned darts.
The kobold brigand shouts!
You hear a shout! x2
The electric eel shoots out a bolt of lightning at you!
The bolt of electricity hits you!
* * * LOW HITPOINT WARNING * * *
The raiju bursts into living lightning!
The living lightning misses you.
The raiju blinks!
Unknown command.
Okay, then.
It was a potion of mutation.
You feel extremely strange.
Your body twists and deforms.
You feel weaker.
You feel your surroundings grow quieter.
The electric eel shoots out a bolt of lightning at you!
The bolt of electricity hits you!
* * * LOW HITPOINT WARNING * * *
Unknown command.
As you read the scroll labelled MODUGR ACZIATO, it crumbles to dust.
A wave of despondency washes over your surroundings.
It was a scroll of vulnerability.
As you read the scroll labelled NOMMUL WETOTTI, it crumbles to dust.
The creatures around you are filled with an inner flame!
It was a scroll of immolation.
The electric eel shoots out a bolt of lightning at you!
The bolt of electricity hits the raiju.
The raiju completely resists.
The bolt of electricity hits you!
You die...
Ignis goes out, and joins you in death.

Skill      XL: |  1  2  3  4  5  6  7  8  9 |
---------------+----------------------------+-----
Armour         | 1 2 3 4 5 6 |  6.3
Axes           | 4 5 6 7 8 |  8.1
Fire Magic     | 4 5 6 7 8 |  8.1
Fighting       | 4 5 6 7 |  7.4
Spellcasting   | 2 3 4 |  4.2
Shields        | 1 3 |  3.2

Action                     |  1- 3 |  4- 6 |  7- 9 || total
---------------------------+-------+-------+-------++-------
  Melee: Hand axe          |   119 |    26 |       ||   145
         War axe           |       |       |    94 ||    94
   Cast: Scorch            |    16 |    54 |   110 ||   180
    Use: Potion            |       |       |     6 ||     6
         Scroll            |       |       |     2 ||     2
   Stab: Distracted        |       |       |     1 ||     1
 Armour: Robe              |   106 |       |       ||   106
         Scale mail        |       |    40 |   251 ||   291
         Skin              |       |       |    18 ||    18
  Dodge: Dodged            |    64 |    17 |   126 ||   207

Levels and vault maps discovered:
D:1:      sevenhm_arrival_forest_fort_small_6, layout_basic, chequers_big_river,
          kennysheep_boxes
D:2:      layout_basic, basic_altar
D:3:      layout_basic, serial_shops, shop, ebering_ghost_disaster_area,
          uniq_natasha
D:4:      minmay_door_path, layout_loops_corners, old_standard_altar
D:5:      cheibrodos_barr_body, layout_basic, old_standard_altar,
          minmay_temple_entry_mist, minmay_misc_feat_diagonals,
          serial_library_hellmonk_junction, serial_bayou_lagoon_a,
          chequers_jeans, goddamned_bats
D:6:      layout_basic, jmf_multi_god_temple, glass_columns_a,
          blue_anna_alchemist, kennysheep_flooded_box,
          kennysheep_generic_room_7, uniq_edmund
D:7:      layout_gridville, nicolae_have_a_lightning_rod

Notes
Turn   | Place    | Note
-------+----------+-------------------------------------------
     0 | D:1      | cforsyth the Mountain Dwarf Cinder Acolyte began the quest
                  | for the Orb.
     0 | D:1      | Reached XP level 1. HP: 19/19 MP: 2/2
     1 | D:1      | Found a snail-covered altar of Cheibriados.
   299 | D:1      | Reached XP level 2. HP: 22/26 MP: 3/3
  1009 | D:2      | Reached skill level 1 in Armour
  1038 | D:2      | Found a stormy altar of Qazlal.
  1197 | D:2      | Reached skill level 4 in Axes
  1197 | D:2      | Reached XP level 3. HP: 31/31 MP: 5/5
  1218 | D:2      | Learned a level 2 spell: Scorch
  1251 | D:2      | Reached skill level 4 in Fire Magic
  2115 | D:2      | Reached XP level 4. HP: 40/40 MP: 3/6
  2347 | D:3      | Found Nyptileu's Distillery.
  2351 | D:3      | Bought a potion of curing for 36 gold pieces
  2351 | D:3      | Bought a potion of might for 48 gold pieces
  2525 | D:3      | Reached skill level 4 in Fighting
  2581 | D:3      | Found a large runed translucent door.
  2581 | D:3      | Found a large runed translucent door.
  2589 | D:3      | Noticed mooti9's ghost (amateur MfGl)
  2686 | D:3      | Noticed Natasha
  2698 | D:3      | Killed Natasha
  2699 | D:3      | Reached skill level 2 in Armour
  2699 | D:3      | Reached skill level 2 in Spellcasting
  2699 | D:3      | Reached XP level 5. HP: 27/46 MP: 0/8
  2775 | D:3      | Noticed Natasha
  2779 | D:3      | Killed Natasha
  3273 | D:3      | Noticed Natasha
  3278 | D:3      | Killed Natasha
  3511 | D:4      | Reached XP level 6. HP: 53/53 MP: 9/9
  3546 | D:4      | Reached skill level 5 in Axes
  3638 | D:4      | Reached skill level 5 in Fire Magic
  3764 | D:4      | Reached skill level 3 in Armour
  4009 | D:4      | Found a radiant altar of Vehumet.
  4733 | D:5      | Entered Level 5 of the Dungeon
  4831 | D:5      | Reached XP level 7. HP: 50/60 MP: 7/11
  4947 | D:5      | Found a staircase to the Ecumenical Temple.
  4982 | D:5      | Reached skill level 5 in Fighting
  5076 | D:5      | Reached skill level 3 in Spellcasting
  5375 | D:4      | Reached skill level 6 in Axes
  5375 | D:4      | Reached skill level 4 in Armour
  5421 | D:5      | Reached skill level 6 in Fire Magic
  5514 | D:5      | Reached XP level 8. HP: 69/69 MP: 13/13
  6233 | D:5      | HP: 6/70 [quokka (4)]
  6452 | D:5      | Reached skill level 6 in Fighting
  6665 | D:5      | Found a white marble altar of Elyvilon.
  6733 | D:5      | Reached skill level 4 in Spellcasting
  6787 | D:5      | Reached skill level 5 in Armour
  7205 | D:6      | Noticed Edmund
  7243 | D:5      | Killed Edmund
  7244 | D:5      | Reached skill level 7 in Axes
  7244 | D:5      | Reached skill level 7 in Fire Magic
  7503 | D:6      | Identified the +0 ring mail "Neykit" {Fly Dex+4}
  7535 | D:6      | Reached skill level 1 in Shields
  7535 | D:6      | Reached XP level 9. HP: 49/78 MP: 15/15
  7808 | D:6      | Found an ornate altar of the Wu Jian Council.
  7808 | D:6      | Found a snail-covered altar of Cheibriados.
  8270 | D:6      | Reached skill level 2 in Shields
  8285 | D:5      | Reached skill level 7 in Fighting
  8286 | D:5      | Reached skill level 6 in Armour
  8655 | D:6      | Reached skill level 8 in Axes
  8655 | D:6      | Reached skill level 3 in Shields
  8655 | D:6      | Reached skill level 8 in Fire Magic
  8831 | D:6      | Found an ornate altar of the Wu Jian Council.
  8841 | D:6      | Found a snail-covered altar of Cheibriados.
  9260 | D:7      | Gained mutation: Armour fits poorly on your strangely
                  | shaped body. [potion of mutation]
  9260 | D:7      | Gained mutation: You are weak. (Str -2) [potion of
                  | mutation]
  9260 | D:7      | Gained mutation: You passively dampen the noise of your
                  | surroundings. [potion of mutation]
  9260 | D:7      | HP: 1/79 [electric eel/bolt of electricity (9)]
  9262 | D:7      | Killed from afar by an electric eel

Vanquished Creatures
  A wraith (D:5)
  5 yaks
  2 water moccasins
  An acid dragon (D:7)
  Edmund (D:5)
  A sky beast (D:6)
  2 ogres (D:5)
  A black bear (D:6)
  A phantom (D:4)
  2 centaurs (D:5)
  A kobold brigand (D:6)
  A gnoll sergeant (D:4)
  5 scorpions
  A vampire bat (D:5)
  2 howler monkeys
  2 hounds (D:4)
  2 bombardier beetles
  2 jellies
  Natasha (thrice) (D:3)
  2 sleepcaps
  3 iguanas
  2 orc wizards (D:3)
  A gnoll (D:5)
  3 adders
  3 white imps (D:6)
  2 ufetubi (D:5)
  3 dart slugs
  3 fire bats (D:5)
  A ribbon worm (D:2)
  9 orcs
  2 spectral bats (D:5)
  9 ball pythons
  12 bats
  3 bat skeletons (D:5)
  A bat zombie (D:5)
  6 endoplasms
  2 giant cockroaches
  3 goblins
  4 hobgoblins
  4 quokkas
  A bat simulacrum (D:5)
  3 frilled lizards
  10 kobolds
  4 rats
132 creatures vanquished.

Table legend: (Time is in decaauts)
 A = Elapsed time spent in this place.
 B = Non-inter-level travel time spent in this place.
 C = Inter-level travel time spent in this place.
 D = Time resting spent in this place.
 E = Time spent auto-exploring this place.
 F = Levels seen in this place.
 G = Mean time per level.
                   A        B        C        D        E       F      G
               +--------+--------+--------+--------+--------+-----+--------+
         Total |   9360 |   9138 |    222 |   1260 |   6686 |   7 | 1337.1 |
       Dungeon |   9360 |   9138 |    222 |   1260 |   6686 |   7 | 1337.1 |
               +--------+--------+--------+--------+--------+-----+--------+

Top non-repeatable levels by time:
     D:5: 2186 daAuts
     D:4: 1969 daAuts
     D:6: 1651 daAuts
     D:2: 1347 daAuts
     D:3: 1084 daAuts
     D:1: 1004 daAuts
     D:7: 115 daAuts

Table legend:
 A = Non-vault XP
 B = Vault XP
 C = Vault XP percentage of total XP
 D = Non-vault monster count
 E = Vault monster count
 F = Vault count percentage of total count
                 A         B        C        D         E       F
            +---------+---------+-------+---------+---------+-------
      Total |    2468 |    1909 |  43.6 |      87 |      45 |  34.1
            +---------+---------+-------+---------+---------+-------
        D:1 |      30 |       0 |   0.0 |      19 |       0 |   0.0
        D:2 |      67 |       0 |   0.0 |      25 |       0 |   0.0
        D:3 |     201 |      39 |  16.2 |      13 |       1 |   7.1
        D:4 |     253 |     434 |  63.2 |      12 |       7 |  36.8
        D:5 |     830 |    1026 |  55.3 |       8 |      31 |  79.5
        D:6 |     934 |     410 |  30.5 |       9 |       6 |  40.0
        D:7 |     153 |       0 |   0.0 |       1 |       0 |   0.0
            +---------+---------+-------+---------+---------+-------
